 Dungeon Crawl Stone Soup version 0.31-a0-1066-g35875b34c7 (webtiles) character file.

Game seed: 13553176051894052190

8383 Gumption the Blocker (level 11, -1/81 HPs)
             Began as a Gnoll Wanderer on Nov 22, 2023.
             Was a Believer of Makhleb.
             Slain by a skeletal warrior
             ... wielding a +2 scimitar of flaming
              (25 damage)
             ... on level 9 of the Dungeon.
             The game lasted 01:31:16 (11293 turns).

Gumption the Blocker (Gnoll Wanderer)              Turns: 11293, Time: 01:31:17

Health: -1/81      AC: 16    Str: 15    XL:     11   Next: 30%
Magic:  21/21      EV: 14    Int: 10    God:    Makhleb [**....]
Gold:   421        SH:  9    Dex: 14    Spells: 18/23 levels left

rFire   + . .        a - +3 spear (vamp)
rCold   . . .        A - +3 buckler
rNeg    + . .        L - +2 chain mail {Will+}
rPois   .            r - +0 helmet
rElec   .            e - +0 cloak
rCorr   .            h - +0 pair of gloves
SInv    +            (no boots)
Will    +....        (no amulet)
Stlth   +            M - ring of Tiorghuebe {rF+ rN+ SInv}
HPRegen 0.33/turn    J - +5 ring of evasion
MPRegen 0.17/turn

%: no passive effects
@: about to teleport
A: fangs 1, strong nose, distributed training
a: Renounce Religion, Minor Destruction


You were on level 9 of the Dungeon.
You worshipped Makhleb.
Makhleb was pleased with you.
You visited 2 branches of the dungeon, and saw 10 of its levels.

You collected 796 gold pieces.
You spent 375 gold pieces at shops.

Inventory:

Hand Weapons
 a - a +3 vampiric spear (weapon)
 b - a +1 demon whip of venom
Missiles
 g - 13 boomerangs (quivered)
 w - 3 curare-tipped darts
 z - 39 poisoned darts
Armour
 e - a +0 cloak (worn)
 h - a +0 pair of gloves (worn)
 i - the +3 robe of Plasticity {*Slow rPois Dex+5 Slay+2}
   (You took it off a goblin on level 2 of the Dungeon)

   Dex+5:     It affects your dexterity (+5).
   Slay+2:    It affects your accuracy & damage with ranged weapons and melee
   (+2).
   rPois:     It protects you from poison *Slow: It may slow you when you take
   damage.
 r - a +0 helmet (worn)
 A - a +3 buckler (worn)
 L - a +2 chain mail of willpower (worn)
Jewellery
 q - a +4 ring of protection
 x - a ring of protection from cold
 B - a +6 ring of intelligence
 J - a +5 ring of evasion (right hand)
 K - a ring of protection from fire
 M - the ring of Tiorghuebe (left hand) {rF+ rN+ SInv}
   (You found it on level 8 of the Dungeon)

   [ring of see invisible]

   rF+:       It protects you from fire.
   rN+:       It protects you from negative energy.
   SInv:      It lets you see invisible.
 O - a ring of fire
Wands
 m - a wand of polymorph (21)
 E - a wand of paralysis (21)
 I - a wand of mindburst (15)
 P - a wand of light (10)
Scrolls
 f - a scroll of fog
 j - a scroll of silence
 k - a scroll of teleportation
 l - a scroll of noise {unknown}
 n - 2 scrolls of immolation
 t - a scroll of blinking {unknown}
 u - 2 scrolls of brand weapon {unknown}
 y - 2 scrolls of identify
 C - a scroll of vulnerability
 D - 2 scrolls of enchant armour
 F - a scroll of revelation {unknown}
 G - a scroll of poison {unknown}
Potions
 c - 2 potions of might
 d - 2 potions of attraction {unknown}
 o - 4 potions of mutation
 p - 2 potions of brilliance
 s - a potion of ambrosia
 v - 2 potions of lignification
 H - 3 potions of heal wounds
 N - 2 potions of magic {unknown}
 Q - a potion of cancellation {unknown}


   Skills:
 + Level 6.2 Fighting
 + Level 6.2 Short Blades
 + Level 6.2 Long Blades
 + Level 6.2 Axes
 + Level 6.2 Maces & Flails
 + Level 6.2 Polearms
 + Level 6.2 Staves
 + Level 6.2 Ranged Weapons
 + Level 6.8 Throwing
 + Level 6.2 Armour
 + Level 6.8 Dodging
 + Level 6.2 Stealth
 + Level 9.2 Shields
 + Level 6.2 Unarmed Combat
 + Level 6.9 Spellcasting
 + Level 5.2 Conjurations
 + Level 5.2 Hexes
 + Level 5.2 Summonings
 + Level 5.2 Necromancy
 + Level 5.2 Translocations
 + Level 5.2 Transmutations
 + Level 7.6 Fire Magic
 + Level 5.2 Ice Magic
 + Level 5.2 Air Magic
 + Level 5.2 Earth Magic
 + Level 5.2 Poison Magic
 + Level 7.4 Invocations
 + Level 6.2 Evocations
 + Level 5.7 Shapeshifting


You had 18 spell levels left.
You knew the following spells:

 Your Spells              Type           Power      Damage    Failure   Level
a - Foxfire               Conj/Fire      64%        2x1d7     19%         1
b - Cigotuvi's Dreadful   Necr/Pois/Air  26%        N/A       43%         2
c - Scorch                Fire           36%        2d6       17%         2

Your spell library contained the following spells:

 Spells                   Type           Power      Damage    Failure   Level
 Apportation              Tloc           26%        N/A       30%         1
 Necrotise                Necr           52%        1d6       30%         1
 Summon Small Mammal      Summ           52%        N/A       30%         1
 Ensorcelled Hibernation  Hex/Ice        26%        N/A       43%         2
 Jinxbite                 Hex            26%        N/A       43%         2
 Sublimation of Blood     Necr           13%        N/A       43%         2
 Wereblood                Tmut           13%        N/A       43%         2
 Inner Flame              Hex/Fire       16%        N/A       50%         3
 Volatile Blastmotes      Fire/Tloc      32%        2d12      50%         3
 Ignite Poison            Fire/Tmut/Pois 15%        N/A       54%         3
 Dazzling Flash           Conj/Hex       26%        N/A       67%         3
 Flame Wave               Conj/Fire      16%        2d7       88%         4
 Anguish                  Hex/Necr       6%         N/A       97%         4
 Freezing Cloud           Conj/Ice/Air   6%         6-21      100%        5
 Starburst                Conj/Fire      8%         6d4       100%        6
 Summon Cactus Giant      Summ           6%         N/A       100%        6
 Summon Hydra             Summ           6%         N/A       100%        7
 Maxwell's Capacitive Co  Air            6%         ∞         100%        8


Dungeon Overview and Level Annotations

Branches:
Dungeon (9/15)             Temple (1/1) D:7
   Lair: D:8-11         Orc: D:9-12

Altars:
Dithmenos
Elyvilon
Fedhas
Gozag
Hepliaklqana
Kikubaaqudgha
Makhleb
Nemelex Xobeh
Okawaru
Qazlal
Ru
Sif Muna
Trog
Uskayaw
Vehumet
Wu Jian
Xom
Yredelemnul
Zin
The Shining One

Shops:
D:4 [[!(

Annotations:
D:2 Jessica


Innate Abilities, Weirdness & Mutations

You have very sharp teeth.
Your uncanny sense of smell can sniff out nearby items.
Your experience applies equally to all skills.


Message History

The skeletal warrior hits you with a +2 scimitar of flaming.
Reach: a) +3 spear (vamp)
Press: ? - help, Dir - move target, f/p - skeletal warrior
Aim: a skeletal warrior, wielding a +2 scimitar of flaming, wearing the +1 leather armour "Pegridgh" {rF+ rC+ SInv} and wearing an amulet of guardian spirit (about 30% to evade your +3 vampiric spear)
You reach to attack!
You hit the skeletal warrior but do no damage.
The tengu warrior attacks as it pursues you!
The tengu warrior closely misses you.
The skeletal warrior attacks as it pursues you!
The skeletal warrior completely misses you.
You hit the skeletal warrior but do no damage.
You bite the skeletal warrior, but do no damage.
The skeletal warrior hits you with a +2 scimitar of flaming.
The skeletal warrior burns you.
The tengu warrior completely misses you.
You barely miss the skeletal warrior.
The skeletal warrior hits you with a +2 scimitar of flaming!
* * * LOW HITPOINT WARNING * * *
The tengu warrior closely misses you.
As you read the scroll of teleportation, it crumbles to dust.
You feel strangely unstable.
The skeletal warrior hits you with a +2 scimitar of flaming!!
* * * LOW HITPOINT WARNING * * *
The skeletal warrior burns you.
* * * LOW HITPOINT WARNING * * *
The tengu warrior misses you.
You hit the skeletal warrior but do no damage.
You block the skeletal warrior's attack.
You hit the skeletal warrior.
The skeletal warrior is lightly damaged.
The tengu warrior closely misses you.
You closely miss the skeletal warrior.
The skeletal warrior is lightly damaged.
The skeletal warrior barely misses you.
The tengu warrior hits you from afar with a +0 bardiche!
* * * LOW HITPOINT WARNING * * *
You hit the skeletal warrior.
The skeletal warrior is lightly damaged.
The skeletal warrior hits you with a +2 scimitar of flaming!!
You die...

#.###.'#.#.###.#.#)8.8.8#.....#..
#.#.#.#.###.#.###.#.8.8.#.....#..
#.....#..###)###..#8.8.8#.....#..
###)####..#####..####)###.....#..
#.....###..#.#..######..##....###
.......###..#..###..####.##......
........#########Q##.Q###.##..###
.........# ∆ ∆ #z#####.##.##..#
.........#∆ ∆#@##..#.#.###..#
.........# ###.##.##.###..#
......^..#∆ ∆ ##.#.#..##.#..###
.........# ∆ ∆ #Q##.#####.#.....
........## ' #.###..##.##.....
.......## .. ##.####..##......
#.....## ... ##Q.#####.......
###'### ... ###'# #........
#.....# .. ###.###...#####


You could see a skeletal warrior and a tengu warrior.

Vanquished Creatures
  A hydra (D:9)
  A two-headed ogre (D:9)
  Amaemon (D:8)
  A cyclops (D:9)
  An orange demon (D:8)
  Joseph (D:8)
  A troll (D:9)
  Grinder (D:5)
  2 hornets
  3 wraiths
  2 wyverns
  A shadow (D:9)
  2 yaks (D:9)
  A swamp worm (shapeshifter) (D:9)
  An acid dragon (D:9)
  3 water moccasins
  4 sky beasts
  3 orc warriors
  An ice beast (D:6)
  3 black bears
  A centaur (D:6)
  A phantom (D:5)
  7 kobold brigands
  A bullfrog (D:9)
  2 gnoll sergeants
  2 scorpions (D:6)
  A jelly (D:8)
  A killer bee (D:9)
  6 howler monkeys
  7 orc priests
  6 hounds (D:5)
  3 iguanas (D:5)
  Natasha (thrice) (D:3)
  9 orc wizards
  12 gnolls
  10 adders
  A shadow imp (D:5)
  A white imp (D:8)
  A worm (D:3)
  3 dart slugs
  29 orcs
  6 ball pythons
  6 endoplasms
  2 giant cockroaches (D:3)
  9 goblins
  8 hobgoblins
  A jackal (D:4)
  4 quokkas
  4 bats
  3 frilled lizards
  21 kobolds
  6 rats
211 creatures vanquished.

Vanquished Creatures (others)
  329 foxfires
329 creatures vanquished.

Grand Total: 540 creatures vanquished

Notes
Turn   | Place    | Note
-------+----------+-------------------------------------------
     0 | D:1      | Gumption the Gnoll Wanderer began the quest for the Orb.
     0 | D:1      | Gumption set off with the following items: a +0 dagger, a
                  | +0 cloak, a potion of might, a +0 robe, a +2 buckler; and
                  | the following spell memorised: Foxfire; and the following
                  | spells available to memorise: Inner Flame.
     0 | D:1      | Reached XP level 1. HP: 13/13 MP: 4/4
   164 | D:1      | Reached XP level 2. HP: 19/19 MP: 1/5
   882 | D:2      | Reached XP level 3. HP: 25/25 MP: 1/7
  1001 | D:2      | Identified the +3 robe of Plasticity {*Slow rPois Dex+5
                  | Slay+2}
  1329 | D:2      | Noticed Jessica
  1624 | D:3      | Reached skill level 1 in Fighting
  1624 | D:3      | Reached skill level 1 in Short Blades
  1624 | D:3      | Reached skill level 1 in Long Blades
  1624 | D:3      | Reached skill level 1 in Axes
  1624 | D:3      | Reached skill level 1 in Maces & Flails
  1624 | D:3      | Reached skill level 1 in Polearms
  1624 | D:3      | Reached skill level 1 in Staves
  1624 | D:3      | Reached skill level 1 in Ranged Weapons
  1624 | D:3      | Reached skill level 1 in Armour
  1624 | D:3      | Reached skill level 1 in Stealth
  1624 | D:3      | Reached skill level 1 in Unarmed Combat
  1624 | D:3      | Reached skill level 1 in Evocations
  1702 | D:3      | Reached skill level 1 in Shapeshifting
  1702 | D:3      | Reached XP level 4. HP: 32/32 MP: 8/8
  1840 | D:3      | Reached skill level 1 in Conjurations
  1840 | D:3      | Reached skill level 1 in Hexes
  1840 | D:3      | Reached skill level 1 in Summonings
  1840 | D:3      | Reached skill level 1 in Necromancy
  1840 | D:3      | Reached skill level 1 in Translocations
  1840 | D:3      | Reached skill level 1 in Transmutations
  1840 | D:3      | Reached skill level 1 in Ice Magic
  1840 | D:3      | Reached skill level 1 in Air Magic
  1840 | D:3      | Reached skill level 1 in Earth Magic
  1840 | D:3      | Reached skill level 1 in Poison Magic
  1856 | D:3      | Reached XP level 5. HP: 37/37 MP: 1/9
  2116 | D:3      | Noticed Natasha
  2120 | D:3      | Killed Natasha
  2303 | D:3      | Reached XP level 6. HP: 21/44 MP: 1/11
  2433 | D:3      | Noticed Natasha
  2501 | D:3      | Killed Natasha
  2613 | D:3      | Noticed Natasha
  2640 | D:3      | Killed Natasha
  3124 | D:4      | Found Diad's Armour Boutique.
  3417 | D:4      | Found a bloodstained altar of Trog.
  3421 | D:4      | Found a stormy altar of Qazlal.
  3881 | D:4      | Found Cergh's Distillery.
  3884 | D:4      | Bought a potion of curing for 39 gold pieces
  3884 | D:4      | Bought a potion of heal wounds for 65 gold pieces
  3884 | D:4      | Bought a potion of degeneration for 13 gold pieces
  3904 | D:4      | Found an opulent altar of Gozag.
  3908 | D:4      | Found a burning altar of Makhleb.
  3917 | D:4      | Found a white marble altar of Elyvilon.
  3981 | D:4      | Became a worshipper of Makhleb the Destroyer
  3999 | D:4      | Found Ytomogg's Armour Shoppe.
  4082 | D:4      | Found Hucoil's Weapon Boutique.
  4405 | D:5      | Entered Level 5 of the Dungeon
  4444 | D:5      | Reached XP level 7. HP: 50/50 MP: 8/12
  4451 | D:5      | Reached skill level 7 in Shields
  4451 | D:5      | Identified the orb "Qamais" {*Rage, *Corrode +Blink rPois
                  | rF+}
  4860 | D:5      | Reached XP level 8. HP: 57/57 MP: 11/14
  4925 | D:5      | Learned a level 2 spell: Cigotuvi's Dreadful Rot
  4948 | D:5      | Noticed Grinder
  4959 | D:5      | Paralysed by Grinder for 2 turns
  4965 | D:5      | Killed Grinder
  5287 | D:6      | Noticed a wraith
  5318 | D:6      | HP: 2/52 [wraith (11)]
  5329 | D:6      | Killed a wraith
  5952 | D:6      | Reached skill level 5 in Invocations
  6026 | D:6      | Reached XP level 9. HP: 65/65 MP: 16/16
  6226 | D:6      | Reached skill level 5 in Spellcasting
  6275 | D:6      | Reached * piety under Makhleb
  6657 | D:7      | Found a staircase to the Ecumenical Temple.
  6668 | Temple   | Entered the Ecumenical Temple
  6787 | D:7      | Reached skill level 5 in Throwing
  6787 | D:7      | Reached skill level 5 in Dodging
  6816 | D:7      | Noticed a hornet
  6866 | D:7      | Killed a hornet
  6891 | D:7      | Reached skill level 8 in Shields
  7717 | D:4      | Bought a +2 chain mail of willpower for 258 gold pieces
  7814 | D:7      | Learned a level 2 spell: Scorch
  7850 | D:8      | Noticed Joseph
  8104 | D:8      | Identified the ring of Tiorghuebe {rF+ rN+ SInv}
  8199 | D:8      | Noticed a hornet
  8203 | D:8      | Paralysed by a hornet for 3 turns
  8211 | D:8      | Killed a hornet
  8212 | D:8      | Reached XP level 10. HP: 58/73 MP: 18/18
  8360 | D:8      | Reached skill level 5 in Fighting
  8360 | D:8      | Reached skill level 5 in Short Blades
  8360 | D:8      | Reached skill level 5 in Long Blades
  8360 | D:8      | Reached skill level 5 in Axes
  8360 | D:8      | Reached skill level 5 in Maces & Flails
  8360 | D:8      | Reached skill level 5 in Polearms
  8360 | D:8      | Reached skill level 5 in Staves
  8360 | D:8      | Reached skill level 5 in Ranged Weapons
  8360 | D:8      | Reached skill level 5 in Armour
  8360 | D:8      | Reached skill level 5 in Stealth
  8360 | D:8      | Reached skill level 5 in Unarmed Combat
  8360 | D:8      | Reached skill level 5 in Evocations
  8635 | D:8      | Noticed Amaemon
  8635 | D:8      | Noticed an orange demon
  8652 | D:8      | Killed Amaemon
  8662 | D:8      | Killed an orange demon
  8884 | D:8      | Killed Joseph
  9151 | D:8      | Found a sacrificial altar of Ru.
  9276 | D:9      | Noticed a two-headed ogre
  9286 | D:9      | Killed a two-headed ogre
  9287 | D:9      | Reached skill level 5 in Shapeshifting
  9718 | D:9      | Reached ** piety under Makhleb
 10105 | D:9      | Noticed a four-headed hydra
 10122 | D:9      | Killed a four-headed hydra
 10123 | D:9      | Reached skill level 9 in Shields
 10123 | D:9      | Reached XP level 11. HP: 12/81 MP: 19/21
 10135 | D:9      | Reached skill level 5 in Conjurations
 10135 | D:9      | Reached skill level 5 in Hexes
 10135 | D:9      | Reached skill level 5 in Summonings
 10135 | D:9      | Reached skill level 5 in Necromancy
 10135 | D:9      | Reached skill level 5 in Translocations
 10135 | D:9      | Reached skill level 5 in Transmutations
 10135 | D:9      | Reached skill level 5 in Ice Magic
 10135 | D:9      | Reached skill level 5 in Air Magic
 10135 | D:9      | Reached skill level 5 in Earth Magic
 10135 | D:9      | Reached skill level 5 in Poison Magic
 10331 | D:9      | Noticed a cyclops
 10369 | D:9      | Killed a cyclops
 10616 | D:9      | Noticed an eight-headed hydra
 11257 | D:9      | Identified the +1 leather armour "Pegridgh" {rF+ rC+ SInv}
 11257 | D:9      | Noticed a skeletal warrior
 11257 | D:9      | Identified the ring "Zekkiowi" {Fire *Slow Int+5}
 11257 | D:9      | Noticed a tengu warrior
 11293 | D:9      | Slain by a skeletal warrior

Illustrated notes

Levels and vault maps discovered:
D:1:      mrwooster_arrival_arrow, layout_loops_ring
D:2:      layout_rooms, hangedman_decor_slide_cut, minivault_26, uniq_jessica
D:3:      layout_loops_ring, uniq_natasha
D:4:      kennysheep_six_static_rooms, layout_basic,
          minmay_overflow_temple_star_quad, minitemple, serial_shops, shop,
          nicolae_shop_temple_entry_statues_fountains,
          nicolae_shop_tiny_real_fake_doors, nicolae_shop_statue_plus
D:5:      layout_cave_pools, serial_column_ruins, column_ruins_columns_straight,
          column_ruins_columns_plus, column_ruins_open_tiny,
          column_ruins_open_small, column_ruins_open_large, column_ruins_grid_3,
          uniq_grinder
D:6:      layout_basic
D:7:      layout_loops_ring, minmay_temple_entry_waves
D:8:      layout_basic, kennysheep_mini_moat, uniq_joseph, uniq_amaemon
D:9:      minmay_the_grid_octo_tiled_squarecenter
          [minmay_the_grid_octo_fat_diamond, minmay_the_grid_octo_fan_narrow,
          minmay_the_grid_octo_tetromino_candy, minmay_the_grid_octo_empty,
          minmay_the_grid_square_5x5_megaprize_diamond,
          minmay_the_grid_square_5x5_fancy_junction,
          minmay_the_grid_square_5x5_checkered_statues,
          minmay_the_grid_square_5x5_inner_i,
          minmay_the_grid_square_5x5_longway], layout_irregular_city,
          minivault_24, minmay_misc_feat_nine_boxes
Temple:   dpeg_chambers_temple

Skill      XL: |  1  2  3  4  5  6  7  8  9 10 11 |
---------------+----------------------------------+-----
Fighting       | 1 2 3 4 6 |  6.2
Short Blades   | 1 2 3 4 6 |  6.2
Long Blades    | 1 2 3 4 6 |  6.2
Axes           | 1 2 3 4 6 |  6.2
Maces & Flails | 1 2 3 4 6 |  6.2
Polearms       | 1 2 3 4 6 |  6.2
Staves         | 1 2 3 4 6 |  6.2
Ranged Weapons | 1 2 3 4 6 |  6.2
Armour         | 1 2 3 4 6 |  6.2
Stealth        | 1 2 3 4 6 |  6.2
Unarmed Combat | 1 2 3 4 6 |  6.2
Evocations     | 1 2 3 4 6 |  6.2
Shapeshifting  | 1 2 3 4 5 |  5.7
Spellcasting   | 3 4 5 6 |  6.9
Conjurations   | 1 2 3 4 5 |  5.2
Hexes          | 1 2 3 4 5 |  5.2
Summonings     | 1 2 3 4 5 |  5.2
Necromancy     | 1 2 3 4 5 |  5.2
Translocations | 1 2 3 4 5 |  5.2
Transmutations | 1 2 3 4 5 |  5.2
Ice Magic      | 1 2 3 4 5 |  5.2
Air Magic      | 1 2 3 4 5 |  5.2
Earth Magic    | 1 2 3 4 5 |  5.2
Poison Magic   | 1 2 3 4 5 |  5.2
Invocations    | 3 4 5 6 7 |  7.4
Throwing       | 3 4 5 6 |  6.8
Dodging        | 3 4 5 6 |  6.8
Shields        | 7 8 9 |  9.2
Fire Magic     | 6 7 |  7.6

Action                     |  1- 3 |  4- 6 |  7- 9 | 10-12 || total
---------------------------+-------+-------+-------+-------++-------
  Melee: Dagger            |    70 |    53 |   195 |    30 ||   348
         Bite              |     5 |     8 |    27 |    42 ||    82
         Demon whip        |       |       |       |   240 ||   240
         Spear             |       |       |       |    47 ||    47
  Throw: Boomerang         |     7 |    19 |    25 |    38 ||    89
         Dart              |       |       |    20 |     7 ||    27
   Cast: Foxfire           |    33 |    85 |    84 |       ||   202
         Cigotuvi's Dreadf |       |       |     1 |       ||     1
  Evoke: Wand              |       |       |       |     1 ||     1
    Use: Scroll            |       |     5 |     7 |     2 ||    14
         Potion            |       |       |     3 |     1 ||     4
   Stab: Sleeping          |     1 |     1 |     1 |       ||     3
 Armour: Robe              |     9 |    12 |    69 |       ||    90
         Leather armour    |    16 |       |       |       ||    16
         Chain mail        |       |       |    26 |   139 ||   165
  Dodge: Dodged            |    24 |    16 |    89 |   135 ||   264
  Block: Buckler           |    24 |     9 |    78 |   119 ||   230

Table legend: (Time is in decaauts)
 A = Elapsed time spent in this place.
 B = Non-inter-level travel time spent in this place.
 C = Inter-level travel time spent in this place.
 D = Time resting spent in this place.
 E = Time spent auto-exploring this place.
 F = Levels seen in this place.
 G = Mean time per level.
                   A        B        C        D        E       F      G
               +--------+--------+--------+--------+--------+-----+--------+
         Total |  11257 |  10964 |    293 |   2838 |   3036 |  10 | 1125.7 |
       Dungeon |  11173 |  10881 |    292 |   2838 |   3036 |   9 | 1241.4 |
        Temple |     84 |     83 |      1 |      0 |      0 |   1 |   84.0 |
               +--------+--------+--------+--------+--------+-----+--------+

Top non-repeatable levels by time:
     D:9: 2005 daAuts
     D:4: 1550 daAuts
     D:6: 1352 daAuts
     D:8: 1281 daAuts
     D:3: 1280 daAuts
     D:7: 1096 daAuts
     D:1: 986 daAuts
     D:5: 964 daAuts
     D:2: 656 daAuts
  Temple: 84 daAuts
